 Dungeon Crawl Stone Soup version 0.27.1-4-g1640c2035a (webtiles) character file.

Game seed: 9805631965251885845

74 tizbic2 the Skirmisher (level 4, -17/49 HPs)
             Began as an Ogre Monk on Nov 13, 2021.
             Was a Priest of Qazlal.
             Killed from afar by a ynoxinul (32 damage)
             ... with an iron shot
             ... on level 1 of the Abyss.
             The game lasted 00:11:16 (1057 turns).

tizbic2 the Skirmisher (Ogre Monk)                  Turns: 1057, Time: 00:11:16

Health: -17/49     AC:  3    Str: 15    XL:     4   Next: 30%
Magic:  3/3        EV: 10    Int: 12    God:    Qazlal [***...]
Gold:   46         SH:  4    Dex:  9    Spells: 3/3 levels left

rFire    + . .     SeeInvis .   a - +0 mace
rCold    . . .     Faith    .   (no shield)
rNeg     . . .     Spirit   .   b - +0 robe
rPois    .         Reflect  .   (helmet restricted)
rElec    .         Harm     .   (no cloak)
rCorr    .         Rampage  .   (gloves unavailable)
Will     .....                  (boots unavailable)
Stlth    +.........             (no amulet)
HPRegen  0.16/turn              e - ring of protection from cold
MPRegen  0.08/turn              g - ring of fire

@: no status effects
A: large, unfitting armour, tough skin 1, clumsy 1, low mp 1
a: Renounce Religion, Upheaval, Elemental Force


You were on level 1 of the Abyss.
You worshipped Qazlal.
Qazlal was most pleased with you.
You visited 1 branch of the dungeon, and saw 2 of its levels.
You visited the Abyss 1 time.

You collected 46 gold pieces.

Inventory:

Hand Weapons
 a - a +0 mace (weapon)
 m - a +0 flail
Missiles
 f - 18 poisoned darts
 h - 17 stones (quivered)
 j - 5 boomerangs of dispersal
Armour
 b - a +0 robe (worn)
Jewellery
 e - a ring of protection from cold (left hand)
 g - a ring of fire (right hand)
Wands
 p - a wand of flame (16)
 r - a wand of digging (4)
Scrolls
 l - a scroll of acquirement {unknown}
 n - a scroll of amnesia {unknown}
 o - a scroll of vulnerability {unknown}
Potions
 c - a potion of attraction {unknown}
 i - a potion of curing {unknown}
Miscellaneous
 q - a box of beasts


   Skills:
 + Level 4.5 Fighting
 * Level 3.5 Maces & Flails
 * Level 0.8 Throwing
 * Level 3.3 Dodging
 - Level 1.4 Stealth
 + Level 0.1 Shields


You had 3 spell levels left.
You didn't know any spells.
Your spell library contained the following spells:

 Spells                   Type           Power      Damage    Failure   Level
 Foxfire                  Conj/Fire      0%         2x1d4     32%         1
 Conjure Flame            Conj/Fire      0%         6-21      69%         3
 Inner Flame              Hex/Fire       0%         N/A       69%         3


Dungeon Overview and Level Annotations

Branches:
Dungeon (2/15)

Altars:
Qazlal

Annotations:
D:2 Sigmund


Innate Abilities, Weirdness & Mutations

You are too large for most types of armour.
You have tough skin. (AC +1)
You are clumsy. (Dex -2)
Your magical capacity is low. (-10% MP)


Message History

You hear a screech!
A rust devil comes into view.
The rust devil screeches!
Press: ? - help, . - travel You can't see that place.
The small abomination hits you!!
* * * LOW HITPOINT WARNING * * *
You feel much better.
You block the small abomination's attack.
Press: ? - help, . - travel You can't see that place. [a rock wall.]
The small abomination barely misses you.
A large abomination comes into view.
The small abomination closely misses you.
You hear a bellow!
A ynoxinul comes into view.
You hear a bellow!
Press: ? - help, v - describe, . - travel A rock wall.
The ynoxinul gestures.
The small abomination hits you.
Press: ? - help, . - travel You can't see that place. [the floor.]
The small abomination hits you!
* * * LOW HITPOINT WARNING * * *
The small abomination is struck by lightning.
You destroy the small abomination!
Qazlal accepts your kill.
You have reached level 4!
The substance of the Abyss twists violently, and a gateway leading out appears!
There is a gateway leading out of the Abyss here.
The ynoxinul gestures.
The ufetubus shouts!
There is a gateway leading out of the Abyss here.
The ynoxinul gestures at you. The iron shot hits you!!
Ouch! That really hurt!
You die...

##.4.##.#.###
#.3#.#....#.##
. #.##.#X...
... .## ##
.55.#.# ... #
#4##.... #.##
#.#.#. .
#.##..##...##
#....#3#5..#
#..@..##
.......###.##
#####.# #..#
## #.## .## #


You could see a ynoxinul and an ufetubus (summoned).

Vanquished Creatures
  A small abomination (Abyss:1)
  A dart slug (D:1)
  3 bats (D:1)
  2 endoplasms (D:1)
  A giant cockroach (D:1)
  A hobgoblin (D:1)
  5 kobolds (D:1)
  A quokka (D:1)
  4 frilled lizards
  2 goblins (D:1)
  3 rats (D:1)
24 creatures vanquished.

Notes
Turn   | Place    | Note
-------+----------+-------------------------------------------
     0 | D:1      | tizbic2 the Ogre Monk began the quest for the Orb.
     0 | D:1      | Reached XP level 1. HP: 24/24 MP: 1/1
   166 | D:1      | Found a faded altar of an unknown god.
   176 | D:1      | Became a worshipper of Qazlal Stormbringer
   176 | D:1      | Reached * piety under Qazlal
   176 | D:1      | Reached ** piety under Qazlal
   276 | D:1      | Reached XP level 2. HP: 31/32 MP: 2/2
   390 | D:1      | Reached *** piety under Qazlal
   541 | D:1      | Gained mutation: You are clumsy. (Dex -2) [potion of
                  | mutation]
   541 | D:1      | Gained mutation: Your magical capacity is low. (-10% MP)
                  | [potion of mutation]
   602 | D:1      | Reached XP level 3. HP: 39/39 MP: 2/2
   940 | D:2      | Noticed Sigmund
   943 | D:2      | Cast into level 1 of the Abyss (Sigmund)
   991 | Abyss:1  | Noticed a small abomination
  1017 | Abyss:1  | Noticed a rust devil
  1023 | Abyss:1  | Noticed a shadow dragon skeleton
  1034 | Abyss:1  | Noticed a large abomination
  1042 | Abyss:1  | Noticed a ynoxinul
  1051 | Abyss:1  | Killed a small abomination
  1052 | Abyss:1  | Reached XP level 4. HP: 14/49 MP: 3/3
  1057 | Abyss:1  | Killed from afar by a ynoxinul

Illustrated notes

Levels and vault maps discovered:
D:1:      dpeg_arrival_castle, layout_loops_ring, basic_ecumenical_altar,
          minivault_14, moated_statue, minmay_tetromino_t2
D:2:      layout_basic, serial_shops, nicolae_shop_overgrown_old_shop,
          serial_aquarium, aquarium_bridge_straight [aquarium_subvault_bridge,
          aquarium_subvault_wall, aquarium_subvault_bridge,
          aquarium_subvault_wall], aquarium_window_fake, aquarium_window_1,
          aquarium_view_2d, aquarium_view_2e, aquarium_balcony_double_4,
          uniq_robin, uniq_sigmund, uniq_natasha
Abyss:1:  base: D:1, small_statue_intersection, small_statue_intersection

Skill      XL: |  1  2 |
---------------+-------+-----
Dodging        | 3 |  3.3
Maces & Flails | 3 |  3.5
Fighting       | |  4.5
Throwing       | |  0.8
Stealth        | |  1.4
Shields        | |  0.1

Action                   |  1- 3 |  4- 6 || total
-------------------------+-------+-------++-------
Melee: Mace              |    65 |       ||    65
Throw: Stone             |     3 |       ||     3
  Use: Scroll            |     4 |       ||     4
       Potion            |     2 |       ||     2
Armor: Robe              |    15 |       ||    15
Dodge: Dodged            |    34 |       ||    34
Block: Other             |    12 |       ||    12
